 Dungeon Crawl Stone Soup version 0.23-a0-808-gd21de94 (webtiles) character file.

719 MalarOregon the Chiller (level 7, -2/51 HPs)
             Began as a Merfolk Ice Elementalist on Jan 20, 2019.
             Was a Believer of Nemelex Xobeh.
             Hit by a tomahawk thrown by an orc warrior (11 damage)
             ... on level 5 of the Dungeon.
             The game lasted 00:13:41 (7344 turns).

MalarOregon the Chiller (Merfolk Ice Elementalist)  Turns: 7344, Time: 00:13:42

Health: -2/51      AC:  2    Str:  9    XL:     7   Next: 70%
Magic:  11/11      EV: 14    Int: 16    God:    Nemelex Xobeh [**....]
Gold:   356        SH:  4    Dex: 14    Spells: 11/12 levels left

rFire    . . .     SeeInvis +   a - +1 trident (venom)
rCold    . . .     Gourm    .   r - +0 buckler
rNeg     . . .     Faith    .   l - +0 robe (curse)
rPois    .         Spirit   .   (no helmet)
rElec    .         Reflect  .   F - scarf {cloud immunity}
rCorr    .         Harm     .   (no gloves)
MR       .....                  (no boots)
Stlth    ++........             (no amulet)
HPRegen  0.17/turn              z - ring of see invisible
MPRegen  0.12/turn              (no ring)

@: no status effects
A: change form in water, swift swim, stealthy swim
a: Draw Escape, Draw Destruction, Draw Summoning, Renounce Religion


You were on level 5 of the Dungeon.
You worshipped Nemelex Xobeh.
Nemelex Xobeh was pleased with you.
You were not hungry.

You visited 1 branch of the dungeon, and saw 5 of its levels.

You collected 356 gold pieces.

Inventory:

Hand Weapons
 a - a +1 trident of venom (weapon)
   (You took it off a zombie on level 4 of the Dungeon)
 B - a +0 blowgun
   (You found it on level 4 of the Dungeon)
Armour
 l - a cursed +0 robe (worn)
   (You found it on level 2 of the Dungeon)
 p - a +0 ring mail of fire resistance
   (You found it on level 4 of the Dungeon)
 r - a +0 buckler (worn)
   (You found it on level 3 of the Dungeon)
 E - +0 acid dragon scales
   (You found it on level 5 of the Dungeon)
 F - a scarf of cloud immunity (worn)
   (You found it on level 5 of the Dungeon)
Jewellery
 k - a cursed -3 ring of dexterity {unknown}
   (You found it on level 2 of the Dungeon)
 y - an uncursed amulet of harm {unknown}
   (You found it on level 4 of the Dungeon)
 z - a ring of see invisible (left hand)
   (You found it on level 2 of the Dungeon)
Wands
 c - a wand of disintegration (13)
   (You found it on level 3 of the Dungeon)
 d - a wand of iceblast (6)
   (You took it off an orc wizard on level 5 of the Dungeon)
 s - a wand of enslavement (11)
   (You found it on level 4 of the Dungeon)
 t - a wand of flame (13)
   (You found it on level 5 of the Dungeon)
 v - a wand of digging (7)
   (You found it on level 4 of the Dungeon)
Scrolls
 b - a scroll of random uselessness {unknown}
 f - 2 scrolls of blinking
 i - 5 scrolls of identify {unknown}
 o - a scroll of fog
 q - a scroll of fear {unknown}
 u - a scroll of enchant weapon {unknown}
 w - 3 scrolls of teleportation {unknown}
 D - a scroll of immolation {unknown}
Potions
 g - 3 potions of curing {@q1}
 h - 3 potions of flight {unknown}
 m - a potion of cancellation {unknown}
 n - a potion of agility {unknown}
 A - 3 potions of might {unknown}
 C - a potion of mutation {unknown}
 G - a potion of berserk rage {unknown}
 I - 2 potions of haste {@q3}
Comestibles
 e - 4 rations {!d}


   Skills:
 + Level 2.7 Fighting
 + Level 3.4 Polearms
 + Level 1.8 Armour
 + Level 4.5 Dodging
 - Level 2.1 Stealth
 + Level 2.0 Shields
 + Level 3.1 Spellcasting
   Level 0.7 Conjurations
 * Level 5.5 Ice Magic
 + Level 2.5 Invocations


You had 11 spell levels left.
You knew the following spells:

 Your Spells              Type           Power        Failure   Level  Hunger
a - Freeze                Ice            ###.         2%          1    None

Your spell library contained the following spells:

 Spells                   Type           Power        Failure   Level  Hunger
 Throw Frost              Conj/Ice       ##....       10%         2    ##.....
 Ozocubu's Armour         Chrm/Ice       ##......     22%         3    ###....
 Beastly Appendage        Tmut           #.....       24%         1    None
 Sticks to Snakes         Tmut           #.......     34%         2    ##.....
 Throw Icicle             Conj/Ice       ##......     54%         4    ####...
 Spider Form              Tmut/Pois      #.........   56%         3    ###....
 Ice Form                 Ice/Tmut       ##......     58%         4    ####...
 Summon Ice Beast         Ice/Summ       ##......     58%         4    ####...
 Blade Hands              Tmut           #.........   100%        5    ######.


Dungeon Overview and Level Annotations

Branches:
Dungeon (5/15)
 Temple: D:4-7

Altars:
Ashenzari
Gozag
Nemelex Xobeh
The Shining One

Annotations:
D:3 1 runed door, bli's ghost, amateur DsTm


Message History

x - 2 chunks of flesh You see here an adder skeleton. x2
You start resting.
Eating one of 2 chunks of flesh.
You eat one of the 2 chunks of flesh.
Eating a chunk of flesh.
You eat the chunk of flesh.
Drop what? 33/52 slots (_ for help) (? for menu, Esc to quit)
You drop the +0 morningstar of Fimbulwinter {venom, Str+3 Dex+4 Stlth+}.
Found a scroll labeled MEORUU BAYZA.
A jelly comes into view.
The jelly quivers.
A jelly is nearby!
A jelly is nearby!
You puncture the jelly!
Your hands burn!
The jelly closely misses you.
You hit the jelly.
The jelly is poisoned.
Your hands burn!
You block the jelly's attack. The jelly closely misses you.
You hit the jelly.
The jelly looks as sick as possible!
The acid corrodes you!
Your hands burn!
The jelly jiggles.
The jelly barely misses you.
You hit the jelly.
You kill the jelly!
w - 3 scrolls labeled MEORUU BAYZA (gained 1)
You open the door.
There is an open door here.
You are no longer corroded.
As you open the door, it creaks loudly!
There is an open door here.
A frilled lizard comes into view.
The frilled lizard hisses angrily.
There are monsters nearby!
There are monsters nearby!
There are monsters nearby!
The orc warrior shouts!
You hear a shout!
The orc wizard gestures wildly while chanting.
The orc wizard blinks!
Found a +0 dagger.
Attack whom?
Aim: a frilled lizard You reach to attack!
You puncture the frilled lizard!
You kill the frilled lizard!
The orc warrior throws a tomahawk.
The tomahawk hits you!!
The orc warrior throws a tomahawk.
The tomahawk hits you!
* * * LOW HITPOINT WARNING * * *
You see here a tomahawk.
The orc wizard points at you and mumbles some strange words.
The magic dart hits you!
* * * LOW HITPOINT WARNING * * *
The orc warrior throws a tomahawk.
The tomahawk hits you!
You die...
Your body glows with a rainbow of weird colours and disappears.

#........#..........#..[...#
#........#..........#......#
+........'..........#......#
#...#...##..........##.....#
#######..###.........#.....#
#.....#.........#.....#
#.....#.........#.....#
#.....#.........#.....#
#.....#....@....#.....#
##....#.....(...#.....#
###'#####......#.....#
#..##⌠.⌠##...†.#.....#
#.##..<.^##....#######
###.......###o...
##...###o..##..o..
#⌠.⌠##.##⌠.⌠#.......
##.##...##o##..)....


You could see an orc warrior and an orc wizard.

Vanquished Creatures
  An ogre (D:4)
  A centaur (D:5)
  A water moccasin skeleton (D:5)
  A scorpion (D:4)
  A crimson imp (D:5)
  3 hounds
  A jelly (D:5)
  A centaur zombie (D:5)
  2 iguanas (D:4)
  An orc wizard (D:5)
  Natasha (D:4)
  5 adders
  2 worms
  A dart slug (D:2)
  7 leopard geckos
  4 orcs
  4 giant cockroaches
  8 goblins
  7 hobgoblins
  17 jackals
  8 bats
  5 frilled lizards
  4 kobolds
  7 rats
93 creatures vanquished.

Vanquished Creatures (collateral kills)
  A gnoll (D:2)
  2 orc zombies (D:4)
  A gnoll zombie (D:4)
4 creatures vanquished.

Grand Total: 97 creatures vanquished

Notes
Turn   | Place    | Note
-------+----------+-------------------------------------------
     0 | D:1      | MalarOregon the Merfolk Ice Elementalist began the quest
                  | for the Orb.
     0 | D:1      | Reached XP level 1. HP: 13/13 MP: 3/3
   416 | D:1      | Reached XP level 2. HP: 18/20 MP: 5/5
   469 | D:1      | Found a sparkling altar of Nemelex Xobeh.
   495 | D:1      | Became a worshipper of Nemelex Xobeh the Trickster
   694 | D:1      | Received a gift from Nemelex Xobeh
   899 | D:1      | Reached XP level 3. HP: 24/25 MP: 6/6
   950 | D:1      | Reached skill level 1 in Fighting
  1413 | D:2      | HP: 1/26 [gnoll (3)]
  1447 | D:2      | Reached skill level 4 in Ice Magic
  1719 | D:2      | Reached * piety under Nemelex Xobeh
  1719 | D:2      | Received a gift from Nemelex Xobeh
  1915 | D:2      | Reached XP level 4. HP: 15/32 MP: 7/7
  2713 | D:2      | Reached skill level 1 in Polearms
  3198 | D:3      | Found a runed door.
  3213 | D:3      | Reached skill level 1 in Invocations
  3317 | D:3      | Found a shattered altar of Ashenzari.
  3478 | D:3      | Noticed a bullfrog
  3480 | D:3      | Noticed bli's ghost (amateur DsTm)
  3719 | D:4      | Found a transporter.
  3802 | D:4      | Reached XP level 5. HP: 21/37 MP: 8/8
  4349 | D:4      | Reached skill level 1 in Armour
  4614 | D:4      | Reached ** piety under Nemelex Xobeh
  4618 | D:4      | Found a transporter.
  4679 | D:4      | HP: 1/38 [poisoned by a gnoll sergeant zombie]
  5447 | D:4      | Got a transparent morningstar
  5457 | D:4      | Identified the cursed +0 morningstar of Fimbulwinter
                  | {venom, Str+3 Dex+4 Stlth+} (You found it on level 4 of the
                  | Dungeon)
  5464 | D:4      | Found an opulent altar of Gozag.
  5491 | D:4      | Noticed Natasha
  5494 | D:4      | Killed Natasha
  5539 | D:4      | Reached skill level 1 in Shields
  5539 | D:4      | Reached XP level 6. HP: 23/44 MP: 9/9
  6199 | D:5      | Entered Level 5 of the Dungeon
  6199 | D:5      | Noticed an orc warrior
  6370 | D:5      | Found a glowing golden altar of the Shining One.
  6405 | D:5      | Reached skill level 5 in Ice Magic
  6471 | D:5      | Reached XP level 7. HP: 51/51 MP: 11/11
  6505 | D:5      | Received a gift from Nemelex Xobeh
  7344 | D:5      | Hit by a tomahawk thrown by an orc warrior

Vault maps used:
D:1:      giann_horns, nemelex_xobeh_ov_fountains_minmay
D:2:      minmay_door_square
D:3:      ebering_ghost_sewer_d, evilmike_ruin_ashenzari
D:4:      gammafunk_cloud_chamber, grunt_gozag_breadcrumbs, first_ration,
          kennysheep_generic_room_7, uniq_natasha
D:5:      nicolae_overflow_crystal_walls, grunt_ministairs_8

Skill      XL: |  1  2  3  4  5  6  7 |
---------------+----------------------+-----
Dodging        | 3 4 |  4.5
Fighting       | 1 2 |  2.7
Ice Magic      | 4 5 |  5.5
Polearms       | 1 2 3 |  3.4
Invocations    | 1 2 |  2.5
Armour         | 1 |  1.8
Shields        | 1 2 |  2.0
Spellcasting   | 3 |  3.1
Stealth        | |  2.1
Conjurations   | |  0.7

Action                   |  1- 3 |  4- 6 |  7- 9 || total
-------------------------+-------+-------+-------++-------
Melee: Mace              |    44 |       |       ||    44
       Unarmed           |     9 |       |       ||     9
       Spear             |   172 |   247 |       ||   419
       Morningstar       |       |    22 |       ||    22
       Trident           |       |    29 |    69 ||    98
 Cast: Freeze            |     3 |       |       ||     3
 Abil: Draw Destruction  |     5 |     1 |       ||     6
       Draw Summoning    |     1 |     1 |       ||     2
Evoke: Wand              |       |     1 |       ||     1
  Use: Scroll            |     1 |     2 |       ||     3
       Potion            |     1 |     3 |       ||     4
  Eat: Chunk             |     4 |    10 |     4 ||    18
       Ration            |       |     1 |       ||     1
Armor: Chain mail        |   181 |   268 |    21 ||   470
       Robe              |       |       |     1 ||     1
Dodge: Dodged            |    42 |    85 |    18 ||   145
Block: Buckler           |       |    35 |     9 ||    44

Table legend:
 A = Non-vault XP
 B = Vault XP
 C = Vault XP percentage of total XP
 D = Non-vault monster count
 E = Vault monster count
 F = Vault count percentage of total count
                 A         B        C        D         E       F
            +---------+---------+-------+---------+---------+-------
      Total |     966 |      62 |   6.0 |      92 |       5 |   5.2
            +---------+---------+-------+---------+---------+-------
        D:1 |      45 |       0 |   0.0 |      25 |       0 |   0.0
        D:2 |      65 |       0 |   0.0 |      22 |       0 |   0.0
        D:3 |      32 |       0 |   0.0 |      17 |       0 |   0.0
        D:4 |     355 |      62 |  14.9 |      14 |       5 |  26.3
        D:5 |     469 |       0 |   0.0 |      14 |       0 |   0.0
            +---------+---------+-------+---------+---------+-------
